 Dungeon Crawl Stone Soup version 0.19.1 (webtiles) character file.

225 mmcf the Insei (level 5, 0/44 HPs)
             Began as a Draconian Transmuter on Dec 1, 2016.
             Killed from afar by an orc wizard (8 damage)
             ... with a magic dart
             ... on level 4 of the Dungeon.
             The game lasted 00:08:21 (5036 turns).

mmcf the Insei (Draconian Transmuter)               Turns: 5036, Time: 00:08:21

Health: 0/44       AC:  7    Str: 12    XL:     5   Next: 68%
Magic:  8/8        EV: 12    Int: 14    God:
Gold:   135        SH:  0    Dex: 12    Spells: 3 memorised, 2 levels left

rFire  . . .     SeeInvis .       - Unarmed
rCold  . . .     Gourm    .     (armour unavailable)
rNeg   . . .     Faith    .     (no shield)
rPois  .         Spirit   .     (helmet restricted)
rElec  .         Reflect  .     (no cloak)
rCorr  .         Harm     .     (no gloves)
MR     .....                    (no boots)
Stlth  +.........               (no amulet)
                                g - +2 ring of protection
                                s - ring of flight

@: no status effects
A: unfitting armour, cold-blooded, AC +5
a: Evoke Flight


You were on level 4 of the Dungeon.
You were not hungry.

You visited 1 branch of the dungeon, and saw 4 of its levels.

You collected 135 gold pieces.

Inventory:

Missiles
 a - 24 arrows
 f - 96 stones (quivered)
Jewellery
 g - a +2 ring of protection (right hand)
 s - a ring of flight (left hand)
Scrolls
 h - 3 scrolls of fog {unknown}
 i - 2 scrolls of teleportation
 k - 2 scrolls of random uselessness {unknown}
 l - a scroll of enchant weapon
 n - 3 scrolls of remove curse
 p - a scroll of enchant armour {unknown}
 q - a scroll of noise {unknown}
Potions
 e - a potion of lignification
 m - a potion of haste
 o - a potion of degeneration {unknown}
 t - a potion of mutation {unknown}
Books
 b - a book of Changes

   Spells                             Type                      Level
   a - Beastly Appendage              Transmutation                1
   b - Sticks to Snakes               Transmutation                2
   c - Spider Form                    Transmutation/Poison         3
   d - Ice Form                       Ice/Transmutation            4
   e - Blade Hands                    Transmutation                5
Comestibles
 c - 3 bread rations


   Skills:
 + Level 2.9 Fighting
 - Level 1.7 Dodging
 - Level 5.0 Unarmed Combat
 - Level 2.0 Spellcasting
 + Level 3.5 Transmutations


You had 2 spell levels left.
You knew the following spells:

 Your Spells              Type           Power        Failure   Level  Hunger
a - Beastly Appendage     Tmut           ##....       6%          1    ##.....
b - Sticks to Snakes      Tmut           ##......     10%         2    ###....
c - Spider Form           Tmut/Pois      #.........   38%         3    ####...


Dungeon Overview and Level Annotations

Branches:
Dungeon (4/15)
 Temple: D:4-7

Altars:
Dithmenos
Elyvilon
Fedhas


Innate Abilities, Weirdness & Mutations

Your plain brown scales are hard. (AC +5)
You cannot fit into any form of body armour.
You are cold-blooded and may be slowed by cold attacks.


Message History

The puff of flame hits you!
The orc priest shouts!
The orc priest looks encouraged for a moment.
An orc and an orc priest come into view.
The orc wizard mumbles some strange words.
The orc wizard seems to speed up.
You open the door.
The orc wizard looks satisfied for a moment.
There is an open door here.
The orc wizard points at you and mumbles some strange words.
The puff of flame hits you!
The orc priest invokes the aid of Beogh against you.
Beogh smites you!
The orc wizard points at you and mumbles some strange words.
The puff of frost hits you!
* * * LOW HITPOINT WARNING * * *
There is a stone staircase leading up here.
The orc wizard gestures at you while chanting.
The magic dart hits you!
You die...

........ #......# #####
#......# #......###...#
#......# #......+...#.#
#......# #......##..#.#
#......# #......##..#.#
o......####......##..#.#
.................##..#.#
..#'##...........##..#.#
#....'....o.o...@....#.#
#.#.##......##+#.###.#.#
#.#.##.........#.^...#.#
#.#.##.....##..#######.#
#.#.##.....+...........#
#...##.....#############
#...##.....#
.....+.....# #.#.
#.....#


You could see an orc priest and an orc wizard.

Vanquished Creatures
  An orc priest (D:3)
  Terence (D:3)
  2 worker ants (D:4)
  4 adders
  A dart slug (D:3)
  4 leopard geckos
  10 orcs
  4 giant cockroaches
  4 hobgoblins
  9 jackals
  2 ball pythons
  9 bats
  6 frilled lizards
  5 goblins
  13 kobolds
  4 rats
79 creatures vanquished.

Vanquished Creatures (others)
  A goblin (D:3)
1 creature vanquished.

Grand Total: 80 creatures vanquished

Notes
Turn   | Place    | Note
-------+----------+-------------------------------------------
     0 | D:1      | mmcf the Draconian Transmuter began the quest for the Orb.
     0 | D:1      | Reached XP level 1. HP: 16/16 MP: 3/3
   295 | D:1      | Reached XP level 2. HP: 23/23 MP: 5/5
   419 | D:1      | Reached skill level 4 in Unarmed Combat
  1397 | D:1      | Reached XP level 3. HP: 22/28 MP: 6/6
  1634 | D:2      | Learned a level 2 spell: Sticks to Snakes
  1638 | D:2      | Learned a level 3 spell: Spider Form
  2270 | D:2      | Reached XP level 4. HP: 31/35 MP: 7/7
  2810 | D:2      | Reached skill level 5 in Unarmed Combat
  2868 | D:3      | Found a blossoming altar of Fedhas.
  3319 | D:3      | Reached XP level 5. HP: 41/41 MP: 8/8
  3879 | D:3      | Noticed Terence
  3921 | D:3      | Killed Terence
  4190 | D:3      | Found a white marble altar of Elyvilon.
  4588 | D:3      | Found a shadowy altar of Dithmenos.
  5036 | D:4      | Killed from afar by an orc wizard

Skill      XL: |  1  2  3  4  5 |
---------------+----------------+-----
Unarmed Combat | 4 5 |  5.0
Fighting       | 2 |  2.9
Transmutations | 3 |  3.5
Dodging        | |  1.7
Spellcasting   | |  2.0

Action                   |  1- 3 |  4- 6 || total
-------------------------+-------+-------++-------
Melee: Unarmed           |   123 |   167 ||   290
       Kick              |     6 |     5 ||    11
       Tailslap          |     6 |    15 ||    21
       Punch             |     3 |     2 ||     5
       Headbutt          |     2 |    11 ||    13
Throw: Stone             |       |     3 ||     3
 Cast: Beastly Appendage |     6 |     8 ||    14
       Sticks to Snakes  |       |     5 ||     5
  Use: Potion            |     1 |     3 ||     4
       Scroll            |       |     6 ||     6
 Stab: Sleeping          |     1 |       ||     1
  Eat: Chunk             |     4 |    10 ||    14
Armor: Skin              |    28 |    66 ||    94
Dodge: Dodged            |    76 |   116 ||   192
